 Dungeon Crawl Stone Soup version 0.20.1-1-g8b1a95d (webtiles) character file.

55 digijack the Grasshopper (level 3, 0/30 HPs)
             Began as a Draconian Warper on Oct 6, 2017.
             Slain by Grinder (1 damage)
             ... while paralysed by Grinder
             ... on level 3 of the Dungeon on Oct 7, 2017.
             The game lasted 00:30:31 (2627 turns).

digijack the Grasshopper (Draconian Warper)         Turns: 2627, Time: 00:30:32

Health: 0/30       AC:  6    Str: 12 (14) XL:     3   Next: 67%
Magic:  2/6        EV:  2    Int: 10 (13) God:
Gold:   173        SH:  0    Dex:  7 (10) Spells: 0/7 levels left

rFire    . . .     SeeInvis .   h - +0 rapier
rCold    . . .     Gourm    .   (no shield)
rNeg     . . .     Faith    .   (armour unavailable)
rPois    .         Spirit   .   (helmet restricted)
rElec    .         Reflect  +   (no cloak)
rCorr    .         Harm     .   (no gloves)
MR       .....     Rnd*Rage +   n - +0 pair of boots
Stlth    +.........             t - +2 amulet of reflection
Regen    0.1/turn               o - +3 ring of evasion
MPRegen  0.1/turn               (no ring)

@: paralysed
A: unfitting armour, berserk 1, screaming 1, cold-blooded, AC +5
a: no special abilities


You were on level 3 of the Dungeon.
You were not hungry.

You visited 1 branch of the dungeon, and saw 3 of its levels.

You collected 173 gold pieces.

Inventory:

Hand Weapons
 a - a +0 spear
 g - a +0 hunting sling
 h - a +0 rapier (weapon)
 k - a +0 mace
 m - a +0 club
Missiles
 d - 5 tomahawks of dispersal
 e - 48 stones (quivered)
 i - 34 bolts
 p - 16 arrows
 q - 18 poisoned needles
Armour
 n - a +0 pair of boots (worn)
Jewellery
 o - a +3 ring of evasion (left hand)
 t - a +2 amulet of reflection (around neck)
Scrolls
 r - 2 scrolls of identify
Potions
 l - 2 potions of agility
Books
 b - a book of Spatial Translocations

   Spells                             Type                      Level
   a - Blink                          Translocation                2
   b - Shroud of Golubria             Charms/Translocation         2
   c - Lesser Beckoning               Translocation                3
   d - Gell's Gravitas                Translocation                3
   e - Teleport Other                 Translocation                3
   f - Passage of Golubria            Translocation                4
 s - a book of Misfortune

   Spells                             Type                      Level
   a - Confusing Touch                Hexes                        1
   b - Confuse                        Hexes                        3
   c - Gell's Gravitas                Translocation                3
   d - Petrify                        Transmutation/Earth          4
   e - Metabolic Englaciation         Hexes/Ice                    5
   f - Yara's Violent Unravelling     Hexes/Transmutation          5
Comestibles
 f - a bread ration
 j - 2 meat rations
 u - a chunk of flesh


   Skills:
 + Level 2.6 Fighting
 + Level 1.1 Short Blades
 - Level 0.2 Maces & Flails
 - Level 2.0 Polearms
 - Level 0.8 Throwing
 + Level 2.7 Dodging
 + Level 2.5 Spellcasting
 + Level 0.3 Charms
 + Level 3.1 Translocations


You couldn't memorise any spells.
You knew the following spells:

 Your Spells              Type           Power        Failure   Level  Hunger
a - Blink                 Tloc           N/A          13%         2    ###....
b - Shroud of Golubria    Chrm/Tloc      #.........   22%         2    ###....
c - Gell's Gravitas       Tloc           #.........   26%         3    ####...


Dungeon Overview and Level Annotations

Branches:
Dungeon (3/15)

Altars:
Gozag

Annotations:
D:3 Grinder


Innate Abilities, Weirdness & Mutations

Your plain brown scales are hard. (AC +5)
You cannot fit into any form of body armour.
You are cold-blooded and may be slowed by cold attacks.
You tend to lose your temper in combat.
You occasionally shout uncontrollably at your foes.


Message History

Aim: Grinder (lightly wounded) Gravity reorients around Grinder.
Grinder closely misses you.
You hit Grinder.
Grinder is lightly wounded.
Grinder gestures at you.
You barely resist. You hit Grinder.
Grinder is moderately wounded.
Grinder blinks!
You hit Grinder but do no damage.
Grinder is moderately wounded.
You block Grinder's attack. Grinder closely misses you.
You closely miss Grinder. You tail-slap Grinder.
Grinder is moderately wounded.
Grinder gestures at you.
You suddenly lose the ability to move!
Grinder hits you!
* * * LOW HITPOINT WARNING * * *
You writhe in agony.
You die...

#####################
#....<.)............#
##.#################.#
.......@)((((.(......#
######5###.#..######.#
#. #.#..# #.# #.
#>#..# #.# ##. #.#..#
#.# ##...##.#..# #.#
#......ยง...# #.#
#....##.#.## #.# #
#.#.# #.#.#


You could see Grinder.

Vanquished Creatures
  An adder (D:2)
  An ooze (D:1)
  2 worms (D:2)
  A dart slug (D:2)
  2 leopard geckos
  3 bats
  2 giant cockroaches (D:3)
  3 goblins
  3 hobgoblins (D:2)
  3 jackals (D:2)
  3 frilled lizards
  4 kobolds
  3 rats
31 creatures vanquished.

Notes
Turn   | Place    | Note
-------+----------+-------------------------------------------
     0 | D:1      | digijack the Draconian Warper began the quest for the Orb.
     0 | D:1      | Reached XP level 1. HP: 17/17 MP: 3/3
   245 | D:1      | Gained mutation: You occasionally shout uncontrollably at your foes. [potion of mutation]
   245 | D:1      | Gained mutation: You tend to lose your temper in combat. [potion of mutation]
   245 | D:1      | Gained mutation: You evolve. [potion of mutation]
   376 | D:1      | Reached XP level 2. HP: 20/25 MP: 5/5
   595 | D:1      | Lost mutation: You evolve. [end of evolution]
   729 | D:2      | Learned a level 2 spell: Blink
   732 | D:2      | Learned a level 2 spell: Shroud of Golubria
  1002 | D:2      | HP: 1/25 [worm (9)]
  1591 | D:2      | Reached XP level 3. HP: 17/30 MP: 2/6
  1893 | D:2      | Learned a level 3 spell: Gell's Gravitas
  2052 | D:2      | Found an opulent altar of Gozag.
  2577 | D:3      | Reached skill level 1 in Short Blades
  2578 | D:3      | Noticed Grinder
  2582 | D:3      | Paralysed by Grinder for 3 turns
  2613 | D:3      | Paralysed by Grinder for 2 turns
  2626 | D:3      | Paralysed by Grinder for 5 turns
  2627 | D:3      | HP: 1/30 [Grinder (7)]
  2627 | D:3      | Slain by Grinder

Skill      XL: |  1  2  3 |
---------------+----------+-----
Short Blades   | 1 |  1.1
Fighting       | |  2.6
Maces & Flails | |  0.2
Polearms       | |  2.0
Throwing       | |  0.8
Dodging        | |  2.7
Spellcasting   | |  2.5
Charms         | |  0.3
Translocations | |  3.1

Action                   || total
-------------------------++-------
Melee: Spear             ||    10
       Mace              ||    30
       Tailslap          ||    14
       Rapier            ||    89
Throw: Stone             ||    12
 Cast: Shroud of Golubri ||     9
       Blink             ||     5
       Gell's Gravitas   ||     4
  Use: Scroll            ||     6
       Potion            ||     6
  Eat: Bread ration      ||     2
       Chunk             ||     1
Armor: Skin              ||    31
Dodge: Dodged            ||   119
Block: Other             ||     7
